 Dungeon Crawl Stone Soup version 0.31-a0-810-ga77100ea1a (webtiles) character file.

Game seed: 14937366579324865514

162209 arthad the Eclecticist (level 17, -5/104 HPs)
             Began as a Deep Elf Earth Elementalist on Sept 21, 2023.
             Was the Champion of Vehumet.
             Slain by a ghost moth (9 damage)
             ... on level 4 of the Spider Nest.
             The game lasted 02:14:42 (30937 turns).

arthad the Eclecticist (DEEE)                      Turns: 30937, Time: 02:14:42

Health: -5/104     AC: 14    Str:  2 (5)  XL:     17   Next: 21%
Magic:  1/38       EV: 22    Int: 35      God:    Vehumet [******]
Gold:   1220       SH:  0    Dex: 15 (17) Spells: 1/47 levels left

rFire   + . .        n - staff of earth
rCold   . . .        (no shield)
rNeg    . . .        K - +2 robe {rC+ rF+}
rPois   .            (helmet restricted)
rElec   .            (no cloak)
rCorr   .            E - +5 pair of gloves "Elive" {Dex+2}
SInv    .            N - +0 pair of boots {Fly}
Will    +....        T - amulet of magic regeneration
Stlth   +++          P - +6 ring of intelligence
HPRegen 0.37/turn    x - +5 ring of evasion
MPRegen 0.66/turn

%: no passive effects
@: flying
A: beak, iridescent scales 1, robust 1, teleportitis 1, cold vulnerability 1
a: Renounce Religion


You were on level 4 of the Spider Nest.
You worshipped Vehumet.
Vehumet was exalted by your worship.
You visited 5 branches of the dungeon, and saw 27 of its levels.

You collected 3768 gold pieces.
You spent 2548 gold pieces at shops.

Inventory:

Hand Weapons
 W - the +8 broad axe of Ownuepeo {freeze, rElec rN++ Str-5 SInv}
   (You found it on level 10 of the Dungeon)

   Str-5:     It affects your strength (-5).
   rElec:     It insulates you from electricity.
   rN++:      It greatly protects you from negative energy.
   SInv:      It lets you see invisible.
Missiles
 e - 29 boomerangs
 p - 6 javelins
 q - 3 silver javelins
 t - 85 poisoned darts
 G - 6 atropa-tipped darts
 U - 16 curare-tipped darts
Armour
 z - the +4 ring mail of Fenixen {rPois rF+ rN++}
   (You took it off an orc knight on level 15 of the Dungeon)

   rF+:       It protects you from fire.
   rPois:     It protects you from poison rN++: It greatly protects you from
   negative energy.
 E - the +5 pair of gloves "Elive" (worn) {Dex+2}
   (You bought it in a shop on level 2 of the Orcish Mines)

   Dex+2:     It affects your dexterity (+2).
 K - a +2 robe of resistance (worn)
 L - the +0 robe of Inference {Int+3}
   (You found it on level 6 of the Dungeon)

   Int+3:     It affects your intelligence (+3).
 N - a +0 pair of boots of flying (worn)
 R - a +0 helmet of intelligence
 S - a +0 kite shield
Magical Staves
 f - the staff "Oqiov" {*Slow rElec Int+3 Dex+2 Air}
   (You took it off a deep elf knight on level 1 of the Orcish Mines)

   [staff of air]

   Base accuracy: +5 Base damage: 5 Base attack delay: 1.2 This weapon's minimum
   attack delay (0.6) is reached at skill level 12.
   Int+3:     It affects your intelligence (+3).
   Dex+2:     It affects your dexterity (+2).
   rElec:     It insulates you from electricity.
   *Slow:     It may slow you when you take damage.
   Air:       It increases the power of your Air spells.
   It falls into the 'Staves' category.
   It is a one-handed weapon.
 n - a staff of earth (weapon)
 y - a staff of poison
Jewellery
 a - a ring of poison resistance
 x - a +5 ring of evasion (right hand)
 C - a ring of wizardry
 H - a ring of ice
 I - a ring of protection from cold
 P - a +6 ring of intelligence (left hand)
 Q - the ring "Toonuev" {Fire rElec Int+3 SInv}
   (You acquired it on level 2 of the Orcish Mines)

   [ring of fire]

   Fire:      It enhances your fire magic.
   Int+3:     It affects your intelligence (+3).
   rF+:       It protects you from fire.
   rC-:       It makes you vulnerable to cold.
   rElec:     It insulates you from electricity.
   SInv:      It lets you see invisible.
 T - an amulet of magic regeneration (around neck)
Wands
 r - a wand of flame (19)
 u - a wand of roots (7)
 F - a wand of paralysis (14)
 O - a wand of light (3)
 V - a wand of polymorph (12)
 Z - a wand of mindburst (3)
Scrolls
 g - 2 scrolls of butterflies
 i - a scroll of teleportation
 j - 2 scrolls of poison
 k - 3 scrolls of fog
 s - 2 scrolls of immolation
 w - 3 scrolls of fear
 B - 4 scrolls of revelation
 D - 3 scrolls of blinking
 J - 4 scrolls of enchant armour
 M - 2 scrolls of enchant weapon
 Y - a scroll of silence
Potions
 b - a potion of magic
 c - 11 potions of curing
 d - 6 potions of might
 h - a potion of invisibility
 m - 3 potions of heal wounds
 o - 2 potions of brilliance
 v - a potion of berserk rage
 A - 5 potions of enlightenment
 X - 2 potions of haste


   Skills:
 + Level 6.9 Fighting
 + Level 7.0 Armour
 + Level 10.4 Dodging
 - Level 6.0 Stealth
 * Level 4.2 Shields
 * Level 15.7 Spellcasting
 * Level 12.9 Conjurations
 * Level 9.4 Hexes
 - Level 6.0 Translocations
 + Level 11.7 Transmutations
 + Level 10.4 Fire Magic
 - Level 6.0 Air Magic
 * Level 13.6 Earth Magic
 - Level 8.0 Poison Magic


You had one spell level left.
You knew the following spells:

 Your Spells              Type           Power      Damage    Failure   Level
a - Sandblast             Erth           100%       2d20      0%          1
b - Lee's Rapid Deconstr  Erth           55%        3d26*     1%          5
c - Stone Arrow           Conj/Erth      100%       3d13      0%          3
d - Leda's Unmaking       Conj/Erth      55%        9d9       1%          6
e - Lehudib's Crystal Sp  Conj/Erth      55%        10d13     11%         8
f - Yara's Violent Unrav  Hex/Tmut       40%        3d16      1%          5
h - Blink                 Tloc           100%       N/A       1%          2
i - Poisonous Vapours     Pois/Air       100%       N/A       1%          2
j - Ignite Poison         Fire/Tmut/Pois 78%        N/A       1%          3
k - Mephitic Cloud        Conj/Pois/Air  74%        N/A       1%          3
l - Olgreb's Toxic Radia  Pois           70%        N/A       1%          4
m - Fulminant Prism       Conj/Hex       41%        3d19      1%          4

Your spell library contained the following spells:

 Spells                   Type           Power      Damage    Failure   Level
 Shatter                  Erth           55%        3d42*     75%         9
 Fire Storm               Conj/Fire      41%        8d11      94%         9
 Chain Lightning          Conj/Air       38%        3d50      99%         9
 Foxfire                  Conj/Fire      100%       2x1d9     0%          1
 Magic Dart               Conj           100%       1d8       0%          1
 Kiss of Death            Conj/Necr      100%       2d13      1%          1
 Passwall                 Tmut/Erth      90%        N/A       0%          2
 Call Imp                 Summ           54%        N/A       1%          2
 Cigotuvi's Dreadful Rot  Necr/Pois/Air  100%       N/A       1%          2
 Lesser Beckoning         Tloc           100%       N/A       1%          2
 Momentum Strike          Conj/Tloc      100%       3d10      1%          2
 Static Discharge         Conj/Air       100%       2-7/arc   1%          2
 Sublimation of Blood     Necr           27%        N/A       1%          2
 Confusing Touch          Hex            76%        N/A       1%          3
 Dazzling Flash           Conj/Hex       100%       N/A       1%          3
 Hailstorm                Conj/Ice       64%        3d14      1%          3
 Tukima's Dance           Hex            76%        N/A       1%          3
 Volatile Blastmotes      Fire/Tloc      100%       2d18      1%          3
 Airstrike                Air            31%        2d(5-21)  1%          4
 Brom's Barrelling Bould  Conj/Erth      100%       2d11      1%          4
 Dimensional Bullseye     Hex/Tloc       34%        N/A       1%          4
 Iskenderun's Mystic Bla  Conj/Tloc      76%        2d15      1%          4
 Leda's Liquefaction      Hex/Erth       52%        N/A       1%          4
 Petrify                  Tmut/Erth      100%       N/A       1%          4
 Freezing Cloud           Conj/Ice/Air   32%        6-21      1%          5
 Irradiate                Conj/Tmut      42%        3d25      1%          5
 Iskenderun's Battlesphe  Conj           87%        2d13      1%          5
 Conjure Ball Lightning   Conj/Air       38%        3x3d12    1%          6
 Eringya's Noxious Bog    Tmut/Pois      38%        4d6       1%          6
 Starburst                Conj/Fire      41%        6d12      1%          6
 Borgnjor's Vile Clutch   Necr/Erth      42%        N/A       2%          5
 Plasma Beam              Fire/Air       35%        2x1d49    2%          6
 Ozocubu's Armour         Ice            27%        N/A       4%          3
 Summon Lightning Spire   Summ/Air       48%        N/A       4%          4
 Metabolic Englaciation   Hex/Ice        28%        N/A       5%          5
 Summon Forest            Summ/Tloc      24%        N/A       11%         5
 Animate Dead             Necr           27%        N/A       14%         4
 Dispel Undead            Necr           27%        3d13      14%         4
 Summon Ice Beast         Ice/Summ       27%        N/A       14%         4
 Spellforged Servitor     Conj/Summ      32%        N/A       21%         7
 Ignition                 Fire           39%        3d12      30%         8
 Maxwell's Capacitive Co  Air            31%        ∞         86%         8
 Discord                  Hex            38%        N/A       88%         8
 Death Channel            Necr           13%        N/A       91%         6
 Simulacrum               Ice/Necr       13%        N/A       91%         6
 Ozocubu's Refrigeration  Ice            13%        4d10      94%         7
 Summon Hydra             Summ           13%        N/A       100%        7
 Polar Vortex             Ice            13%        12d1*     100%        9


Dungeon Overview and Level Annotations

Branches:
Dungeon (15/15)            Temple (1/1) D:7            Lair (5/5) D:11
  Swamp (0/4) Lair:2       Spider (4/4) Lair:2        Slime (0/5) Lair:5
    Orc (2/2) D:10            Elf (0/3) Orc:2        Vaults (0/5) D:13
 Depths (0/4) D:15

Altars:
Ashenzari
Cheibriados
Dithmenos
Elyvilon
Fedhas
Gozag
Hepliaklqana
Kikubaaqudgha
Makhleb
Nemelex Xobeh
Okawaru
Qazlal
Ru
Sif Muna
Trog
Uskayaw
Vehumet
Wu Jian
Xom
Yredelemnul
Zin
The Shining One
Jiyva

Shops:
D:2 !   D:5 !?==?   D:9 *   D:11 =   Orc:2 ?(=*[

Portals:
Abyss: Lair:2

Annotations:
D:15 3 runed translucent doors, Newt's ghost, journeyman DsGl
Lair:2 2 transporters, tinescath's ghost, journeyman TrSh


Innate Abilities, Weirdness & Mutations

You have a beak for a mouth.
You are partially covered in iridescent scales. (AC +2)
You are robust. (+10% HP)
You are occasionally teleported next to monsters.
You are vulnerable to cold. (rC-)


Message History

The orb spider is engulfed in blazing flames.
The emperor scorpion is engulfed in blazing flames.
The emperor scorpion barely misses you. x3
Casting: Leda's Unmaking (mildly dangerous; 1% risk of failure)
Confirm with . or Enter, or press ? or * to list all spells.
Aiming: Leda's Unmaking (mildly dangerous; 1% risk of failure)
Press: ? - help, Shift-Dir - straight line, f/p - emperor scorpion
Aim: an emperor scorpion (flame, almost dead, 87% to hit)
You feel a surge of power!
The entropic shot hits the emperor scorpion!!!
The emperor scorpion dissolves into mud!
You kill the emperor scorpion!
Vehumet accepts your kill.
You feel your power returning. Something closely misses you. x2
Something stings you!
* * * LOW HITPOINT WARNING * * *
You feel weakened.
The orb spider is engulfed in blazing flames.
You feel your intelligence returning.
Casting: Leda's Unmaking (mildly dangerous; 1% risk of failure)
Confirm with . or Enter, or press ? or * to list all spells.
Aiming: Poisonous Vapours (safe; 1% risk of failure)
Press: ? - help, Dir - move target, f - orb spider
Aim: an orb spider (flame, severely wounded) Poisonous vapours surround the orb spider!
The orb spider is poisoned.
The orb spider is engulfed in blazing flames.
You kill the orb spider!
Vehumet accepts your kill.
You feel your power returning.
You feel you are being watched by something.
You feel your power leaking away. Something hits you!
* * * LOW HITPOINT WARNING * * *
Something hits you!
* * * LOW HITPOINT WARNING * * *
You feel weakened. Something misses you. Something hits you but does no damage.
Something hits you!
You die...

######## #§☼☼^@^#
#.#°^^○☼○.†☼§#
###^^.°.†☼#.°☼☼~°☼○
#.^.#..☼§...○☼☼.☼°.○.
###~.†..°..°#○☼.○.☼☼.☼.
#~^.....○○○☼○°#°§°○°§°°
^..†.w.○°.○°○☼#☼#.○☼..
#.#.{....☼☼°~°○ #.☼°○§°
#.^^.w...~~~


There were no monsters in sight!

Vanquished Creatures
  A tengu reaver (D:14)
  3 emperor scorpions
  An orc warlord (Orc:2)
  4 stone giants
  A broodmother (Spider:3)
  The ghost of olddryhag the Fighter, a journeyman DsGl of Gozag (Orc:1)
  3 dire elephants
  Snorg (Orc:2)
  An ettin (D:14)
  Fannar (Lair:1)
  A vault guard (D:13)
  10 hydras
  2 radroaches
  2 jorogumos
  2 death knights (D:15)
  3 catoblepae
  An ogre mage (D:15)
  11 two-headed ogres
  5 centaur warriors
  5 boulder beetles
  8 dancing weapons
  6 tengu warriors
  A naga warrior (Orc:1)
  8 demonic crawlers
  3 death yaks (D:11)
  An orc high priest (Orc:2)
  2 deep elf knights
  2 sun moths (Spider:1)
  Lodul (D:14)
  2 skeletal warriors (D:15)
  4 pharaoh ants
  A skyshark (Lair:2)
  A flayed ghost (D:14)
  5 bog bodies (Lair:2)
  2 deep elf archers
  16 orb spiders
  3 wizards
  A lindwurm (Lair:5)
  4 steelbarb worms
  4 deep elf pyromancers
  9 orc knights
  3 necromancers (D:13)
  3 ugly things
  18 wolf spiders
  10 orc sorcerers (Orc:2)
  3 moths of wrath
  4 manticores
  4 cyclopes
  Maurice (Orc:2)
  6 torpor snails
  4 black mambas
  12 cane toads
  A rime drake (shapeshifter) (D:15)
  2 gargoyles
  An unseen horror (D:10)
  9 komodo dragons
  A kobold demonologist (D:10)
  A tengu conjurer (D:14)
  6 rime drakes
  A polar bear (shapeshifter) (D:11)
  7 trolls
  5 polar bears
  3 meliai (Spider:2)
  29 tarantellas
  A raiju (Spider:3)
  2 hornets
  8 blink frogs
  A dream sheep (Lair:5)
  7 saltlings (Orc:2)
  Sigmund (D:2)
  11 slime creatures
  26 jumping spiders
  14 culicivoras
  A shadow (D:11)
  2 wraiths
  A golden eye (shapeshifter) (D:14)
  20 humans (D:13)
  3 wyverns
  27 yaks
  6 basilisks
  42 redbacks
  9 vampire mosquitoes
  5 wargs
  A swamp worm (Lair:2)
  13 water moccasins
  29 orc warriors
  2 black bears (D:7)
  14 ogres
  26 wolves
  3 boggarts (D:15)
  10 centaurs
  3 phantoms
  22 kobold brigands
  10 bullfrogs
  2 wyvern zombies (D:6)
  A gnoll sergeant (D:8)
  3 scorpions (Lair:2)
  23 wights
  A water moccasin zombie (D:6)
  A water moccasin skeleton (D:6)
  4 killer bees
  4 electric eels
  4 howler monkeys
  2 bullfrog zombies (D:6)
  A centaur zombie (D:6)
  4 hounds
  2 jellies
  18 orc priests
  2 bullfrog skeletons (D:6)
  A gnoll bouda (D:6)
  Jessica (D:2)
  5 iguanas
  24 orc wizards
  3 hell rats (D:11)
  A killer bee zombie (D:6)
  A howler monkey zombie (D:6)
  Robin (D:2)
  A howler monkey skeleton (D:6)
  7 gnolls
  2 river rats (D:11)
  4 adders
  A shadow imp (D:6)
  2 white imps
  An ufetubus (D:5)
  3 worms (Lair:2)
  A dart slug (D:1)
  75 orcs
  2 ball pythons
  8 bats
  An endoplasm (D:1)
  7 giant cockroaches
  12 goblins
  8 hobgoblins
  11 kobolds
  7 quokkas
  3 frilled lizards
  5 rats
867 creatures vanquished.

Vanquished Creatures (collateral kills)
  A troll (D:9)
  A dancing weapon (D:9)
  2 wights
  An orc wizard (D:10)
  6 boulders
11 creatures vanquished.

Vanquished Creatures (others)
  3 dancing weapons (D:10)
  2 boulders
  28 foxfires
  33 fulminant prisms
66 creatures vanquished.

Grand Total: 944 creatures vanquished

Notes
Turn   | Place    | Note
-------+----------+-------------------------------------------
     0 | D:1      | arthad the Deep Elf Earth Elementalist began the quest for
                  | the Orb.
     0 | D:1      | Reached XP level 1. HP: 10/10 MP: 6/6
   510 | D:1      | Reached XP level 2. HP: 15/15 MP: 5/8
  1147 | D:2      | Learned a level 2 spell: Passwall
  1295 | D:2      | Reached XP level 3. HP: 19/19 MP: 6/9
  1299 | D:2      | Learned a level 3 spell: Stone Arrow
  1518 | D:2      | Noticed Jessica
  1529 | D:2      | Killed Jessica
  1574 | D:2      | Found Yghier's Distillery.
  1590 | D:2      | Bought a potion of heal wounds for 50 gold pieces
  1590 | D:2      | Bought a potion of curing for 30 gold pieces
  1885 | D:2      | Noticed Sigmund
  1891 | D:2      | Killed Sigmund
  1892 | D:2      | Reached skill level 1 in Fighting
  1892 | D:2      | Reached skill level 4 in Spellcasting
  1892 | D:2      | Reached XP level 4. HP: 24/25 MP: 6/12
  1892 | D:2      | Reached XP level 5. HP: 28/29 MP: 6/13
  2009 | D:2      | Noticed Robin
  2329 | D:2      | Killed Robin
  2510 | D:3      | Reached XP level 6. HP: 34/34 MP: 11/14
  2704 | D:3      | Identified the +0 ring mail "Siufoca" {rPois}
  3159 | D:4      | Identified the +0 robe of Fashionability {rC- rCorr Slay+4}
  3229 | D:4      | Reached skill level 1 in Armour
  3743 | D:5      | Entered Level 5 of the Dungeon
  3801 | D:5      | Reached skill level 1 in Conjurations
  3915 | D:5      | Found Ummoppir's Magic Scroll Emporium.
  3918 | D:5      | Bought a scroll of revelation for 82 gold pieces
  3962 | D:5      | Found an ornate altar of the Wu Jian Council.
  3990 | D:5      | Reached skill level 1 in Hexes
  4078 | D:5      | Reached skill level 1 in Fire Magic
  4081 | D:5      | Learned a level 1 spell: Foxfire
  4092 | D:5      | Found Jitratwa's Magic Scroll Emporium.
  4210 | D:5      | Reached skill level 5 in Spellcasting
  4210 | D:5      | Reached XP level 7. HP: 26/38 MP: 3/16
  4417 | D:5      | Found Uluqason's Jewellery Boutique.
  4538 | D:5      | Found Plog's Jewellery Shoppe.
  4649 | D:5      | Paralysed by a wight for 4 turns
  4650 | D:5      | Reached skill level 5 in Earth Magic
  4793 | D:5      | Found Jesoxab's Distillery.
  5187 | D:5      | Bought a potion of heal wounds for 60 gold pieces
  5334 | D:5      | Reached XP level 8. HP: 39/44 MP: 14/18
  5584 | D:6      | Reached skill level 6 in Spellcasting
  5707 | D:6      | Identified the +0 robe of Inference {Int+3}
  5993 | D:6      | Reached skill level 5 in Transmutations
  6342 | D:7      | Reached XP level 9. HP: 23/48 MP: 13/21
  6346 | D:7      | Learned a level 3 spell: Tukima's Dance
  6351 | D:7      | Learned a level 4 spell: Petrify
  6356 | D:7      | Learned a level 4 spell: Brom's Barrelling Boulder
  6513 | D:7      | Found a white marble altar of Elyvilon.
  6643 | D:7      | Reached skill level 5 in Stealth
  6643 | D:7      | Reached skill level 7 in Spellcasting
  6760 | D:7      | Found a staircase to the Ecumenical Temple.
  6778 | Temple   | Entered the Ecumenical Temple
  6786 | Temple   | Became a worshipper of Vehumet
  6946 | D:7      | Found a glowing golden altar of the Shining One.
  7551 | D:8      | Reached skill level 5 in Dodging
  7588 | D:8      | Identified the +1 sling "Wayh" {flame, Will+ Int+3}
  7931 | D:8      | Reached skill level 5 in Conjurations
  8481 | D:9      | Noticed a troll
  8495 | D:9      | Killed a troll
  8496 | D:9      | Reached skill level 5 in Fire Magic
  8622 | D:9      | Noticed a troll
  8629 | D:9      | Killed a troll
  8630 | D:9      | Reached XP level 10. HP: 54/54 MP: 8/23
  8966 | D:9      | Reached * piety under Vehumet
  8966 | D:9      | Offered knowledge of Shock by Vehumet.
  9163 | D:9      | Reached skill level 8 in Spellcasting
  9499 | D:9      | Found Atzyl's General Store.
  9580 | D:9      | Paralysed by a hornet for 3 turns
  9732 | D:9      | Learned a level 2 spell: Blink
  9787 | D:10     | Entered Level 10 of the Dungeon
 10105 | D:10     | Reached ** piety under Vehumet
 10105 | D:10     | Offered knowledge of Poisonous Vapours by Vehumet.
 10106 | D:10     | Reached skill level 9 in Spellcasting
 10106 | D:10     | Reached XP level 11. HP: 60/60 MP: 24/26
 10109 | D:10     | Learned a level 2 spell: Poisonous Vapours
 10116 | D:10     | Reached skill level 5 in Hexes
 10225 | D:10     | Found a glowing silver altar of Zin.
 10295 | D:10     | Found a staircase to the Orcish Mines.
 10373 | D:10     | Noticed a cyan ugly thing
 10374 | D:10     | Identified the +8 broad axe of Ownuepeo {freeze, rElec rN++
                  | Str-5 SInv}
 10395 | D:10     | Noticed a two-headed ogre
 10676 | D:10     | Killed a two-headed ogre
 10680 | D:10     | Killed a cyan ugly thing
 10680 | D:10     | Offered knowledge of Scorch by Vehumet.
 10799 | D:10     | Reached *** piety under Vehumet
 11344 | D:11     | Noticed a death yak
 11397 | D:11     | Noticed a death yak
 11407 | D:11     | Killed a death yak
 11407 | D:11     | Killed a death yak
 11407 | D:11     | Offered knowledge of Sticky Flame by Vehumet.
 11408 | D:11     | Noticed a death yak
 11416 | D:11     | Killed a death yak
 11800 | D:11     | Found Afeeffo's Jewellery Emporium.
 11963 | D:11     | Reached skill level 10 in Spellcasting
 12069 | D:11     | Found a staircase to the Lair.
 12698 | D:12     | Noticed a deep elf pyromancer
 12700 | D:12     | Killed a deep elf pyromancer
 12799 | D:12     | Noticed a deep elf pyromancer
 12803 | D:12     | Killed a deep elf pyromancer
 12804 | D:12     | Reached skill level 1 in Translocations
 12804 | D:12     | Reached skill level 1 in Poison Magic
 12838 | D:12     | Noticed a green ugly thing
 12842 | D:12     | Killed a green ugly thing
 12843 | D:12     | Reached XP level 12. HP: 52/66 MP: 17/28
 13285 | D:12     | Found an iron altar of Okawaru.
 13444 | D:12     | Reached **** piety under Vehumet
 13595 | D:12     | Noticed a five-headed hydra
 13604 | D:12     | Noticed a boulder beetle
 13606 | D:12     | Killed a five-headed hydra
 13622 | D:12     | Killed a boulder beetle
 13622 | D:12     | Offered knowledge of Ignite Poison by Vehumet.
 13627 | D:12     | Learned a level 3 spell: Ignite Poison
 13631 | D:12     | Learned a level 3 spell: Mephitic Cloud
 13636 | D:12     | Learned a level 4 spell: Olgreb's Toxic Radiance
 14069 | D:13     | Noticed a centaur warrior
 14071 | D:13     | Noticed a centaur warrior
 14074 | D:13     | Killed a centaur warrior
 14074 | D:13     | Killed a centaur warrior
 14075 | D:13     | Reached skill level 1 in Air Magic
 14204 | D:13     | Identified 2 scrolls of acquirement
 14208 | D:13     | Acquired 544 gold pieces
 14210 | D:13     | Acquired a staff of earth
 14246 | D:13     | Found a hide-covered altar of Uskayaw.
 14369 | D:13     | Noticed a two-headed ogre
 14372 | D:13     | Killed a two-headed ogre
 14507 | D:13     | Noticed a boulder beetle
 14510 | D:13     | Killed a boulder beetle
 14679 | D:13     | Noticed a centaur warrior
 14681 | D:13     | Killed a centaur warrior
 14859 | D:13     | Reached skill level 11 in Spellcasting
 15030 | D:13     | Found a gate to the Vaults.
 15030 | D:13     | Noticed a vault guard
 15034 | D:13     | Reached ***** piety under Vehumet
 15034 | D:13     | Killed a vault guard
 15035 | D:13     | Reached XP level 13. HP: 72/72 MP: 30/30
 15312 | D:14     | Offered knowledge of Fulminant Prism by Vehumet.
 15684 | D:14     | Noticed Lodul
 15690 | D:14     | Killed Lodul
 15691 | D:14     | Reached skill level 10 in Earth Magic
 15775 | D:14     | Noticed a stone giant
 15816 | D:14     | Killed a stone giant
 15863 | D:14     | Identified the +5 morningstar of Cuploruo {antimagic,
                  | *Noise rElec rPois Int+3}
 16513 | D:14     | Got a whispering book
 16514 | D:14     | Noticed a tengu reaver
 16523 | D:14     | Killed a tengu reaver
 16524 | D:14     | Reached skill level 5 in Armour
 16546 | D:14     | Reached skill level 5 in Poison Magic
 16557 | D:14     | Reached skill level 12 in Spellcasting
 16663 | D:14     | Noticed an ettin
 16667 | D:14     | Killed an ettin
 16966 | D:15     | Entered Level 15 of the Dungeon
 17018 | D:15     | Reached skill level 10 in Transmutations
 17101 | D:15     | Found a runed translucent gate.
 17102 | D:15     | Found a runed translucent gate.
 17103 | D:15     | Found a runed translucent gate.
 17105 | D:15     | Noticed Newt's ghost (journeyman DsGl)
 17218 | D:15     | Reached skill level 5 in Fighting
 17306 | D:15     | Learned a level 4 spell: Fulminant Prism
 17311 | D:15     | Gained mutation: You have a pair of small horns on your
                  | head. [mutagenic glow]
 17328 | D:15     | Gained mutation: You sometimes lose your temper in combat.
                  | [mutagenic glow]
 17332 | D:15     | Lost mutation: You sometimes lose your temper in combat.
                  | [potion of mutation]
 17332 | D:15     | Lost mutation: You have a pair of small horns on your head.
                  | [potion of mutation]
 17332 | D:15     | Gained mutation: You possess an exceptional clarity of
                  | mind. [potion of mutation]
 17332 | D:15     | Gained mutation: Armour fits poorly on your strangely
                  | shaped body. [potion of mutation]
 17332 | D:15     | Gained mutation: You are agile. (Dex +4, Str/Int -1)
                  | [potion of mutation]
 17332 | D:15     | Gained mutation: Your flesh is heat resistant. (rF+)
                  | [potion of mutation]
 17345 | D:15     | Gained mutation: Your body sometimes deteriorates upon
                  | taking damage. [mutagenic glow]
 17363 | D:15     | Gained mutation: Your spells are a little easier to cast,
                  | but a little less powerful. [mutagenic glow]
 17455 | D:15     | Reached XP level 14. HP: 27/78 MP: 15/32
 17455 | D:15     | Offered knowledge of Fireball by Vehumet.
 17633 | D:15     | Identified the +4 ring mail of Fenixen {rPois rF+ rN++}
 17849 | D:15     | Lost mutation: Your body sometimes deteriorates upon taking
                  | damage. [potion of mutation]
 17849 | D:15     | Lost mutation: Your spells are a little easier to cast, but
                  | a little less powerful. [potion of mutation]
 17849 | D:15     | Gained mutation: You are vulnerable to cold. (rC-) [potion
                  | of mutation]
 17849 | D:15     | Gained mutation: You have hidden genetic defects. [potion
                  | of mutation]
 17849 | D:15     | Gained mutation: Your spells are a little harder to cast,
                  | but a little more powerful. [potion of mutation]
 18378 | D:15     | Noticed a stone giant
 18381 | D:15     | Killed a stone giant
 18382 | D:15     | Reached skill level 5 in Air Magic
 18402 | D:15     | Found a staircase to the Depths.
 18605 | Lair:1   | Entered Level 1 of the Lair of Beasts
 18743 | Lair:1   | Learned a level 5 spell: Lee's Rapid Deconstruction
 18933 | Lair:1   | Noticed Fannar
 19149 | Lair:1   | Lost mutation: You possess an exceptional clarity of mind.
                  | [hidden defects]
 19245 | Lair:1   | Lost mutation: Your spells are a little harder to cast, but
                  | a little more powerful. [potion of mutation]
 19245 | Lair:1   | Lost mutation: Your flesh is heat resistant. (rF+) [potion
                  | of mutation]
 19245 | Lair:1   | Gained mutation: You are partially covered in iridescent
                  | scales. (AC +2) [potion of mutation]
 19245 | Lair:1   | Gained mutation: You have sharp toenails. [potion of
                  | mutation]
 19310 | Lair:2   | Reached skill level 10 in Conjurations
 20366 | D:5      | Bought an amulet of magic regeneration for 450 gold pieces
 21038 | Lair:2   | Gained mutation: You occasionally lose the ability to drink
                  | potions when taking damage. [hidden defects]
 21038 | Lair:2   | Lost mutation: You have hidden genetic defects. [hidden
                  | defects expressed]
 21052 | Lair:2   | Found a staircase to the Swamp.
 21133 | Lair:1   | Killed Fannar
 21134 | Lair:1   | Reached skill level 13 in Spellcasting
 21651 | D:5      | Bought a potion of mutation for 96 gold pieces
 21651 | D:5      | Bought a potion of mutation for 96 gold pieces
 21651 | D:5      | Lost mutation: Armour fits poorly on your strangely shaped
                  | body. [potion of mutation]
 21651 | D:5      | Lost mutation: You are agile. (Dex +4, Str/Int -1) [potion
                  | of mutation]
 21651 | D:5      | Gained mutation: Your mind is acute. (Int +4, Str/Dex -1)
                  | [potion of mutation]
 21652 | D:5      | Lost mutation: You have sharp toenails. [potion of
                  | mutation]
 21652 | D:5      | Lost mutation: Your mind is acute. (Int +4, Str/Dex -1)
                  | [potion of mutation]
 21652 | D:5      | Lost mutation: You occasionally lose the ability to drink
                  | potions when taking damage. [potion of mutation]
 21652 | D:5      | Gained mutation: You are occasionally teleported next to
                  | monsters. [potion of mutation]
 21652 | D:5      | Gained mutation: You have hidden genetic potential. [potion
                  | of mutation]
 21653 | D:5      | Bought a potion of magic for 96 gold pieces
 21653 | D:5      | Bought a potion of curing for 36 gold pieces
 21653 | D:5      | Bought a potion of brilliance for 48 gold pieces
 21653 | D:5      | Bought a potion of curing for 36 gold pieces
 21653 | D:5      | Bought a potion of magic for 96 gold pieces
 21653 | D:5      | Bought a potion of curing for 36 gold pieces
 21943 | Lair:2   | Found a transporter.
 21951 | Lair:2   | Found a transporter.
 21976 | Lair:2   | Noticed tinescath's ghost (journeyman TrSh)
 22061 | Lair:2   | Found a hole to the Spider Nest.
 22112 | Lair:2   | Found the +8 demon trident "Rift" {distort, reach+}
 22185 | Lair:2   | Found a one-way gate to the infinite horrors of the Abyss.
 22310 | Lair:3   | Offered knowledge of Orb of Destruction by Vehumet.
 24032 | Lair:5   | Entered Level 5 of the Lair of Beasts
 24051 | Lair:5   | Reached skill level 5 in Translocations
 24081 | Lair:5   | Learned a level 6 spell: Leda's Unmaking
 24169 | Lair:5   | Reached XP level 15. HP: 84/84 MP: 25/34
 24637 | Lair:5   | Found a viscous altar of Jiyva.
 24637 | Lair:5   | Found a staircase to the Slime Pits.
 24877 | Lair:5   | Offered knowledge of Arcjolt by Vehumet.
 25295 | Orc:1    | Entered Level 1 of the Orcish Mines
 25617 | Orc:2    | Entered Level 2 of the Orcish Mines
 25622 | Orc:2    | Noticed Snorg
 25629 | Orc:2    | Killed Snorg
 25728 | Orc:2    | Found Coheodoc's Antique Armour Shoppe.
 25736 | Orc:2    | Bought a pair of crude gloves for 247 gold pieces
 25736 | Orc:2    | Identified the +5 pair of gloves "Elive" {Dex+2} (You
                  | bought it in a shop on level 2 of the Orcish Mines)
 25842 | Orc:2    | Found a staircase to the Elven Halls.
 25940 | Orc:2    | Noticed Maurice
 25945 | Orc:2    | Killed Maurice
 25999 | Orc:2    | Offered knowledge of Yara's Violent Unravelling by Vehumet.
 26006 | Orc:2    | Learned a level 5 spell: Yara's Violent Unravelling
 26120 | Orc:2    | Gained mutation: You are robust. (+10% HP) [hidden
                  | potential]
 26256 | Orc:2    | Found Zairamoe's General Store.
 26262 | Orc:2    | Bought a +0 helmet of intelligence for 172 gold pieces
 26291 | Orc:2    | Reached skill level 14 in Spellcasting
 26392 | Orc:2    | Found Qaoxoyt's Antique Weapon Boutique.
 26408 | Orc:2    | Found Goommut's Magic Scroll Boutique.
 26414 | Orc:2    | Bought a scroll of acquirement for 572 gold pieces
 26414 | Orc:2    | Acquired the ring "Toonuev" {Fire rElec Int+3 SInv}
 26421 | Orc:2    | Bought a warped glaive for 345 gold pieces
 26421 | Orc:2    | Identified the +8 glaive of Ethereal Honour {venom, +Blink
                  | Dex+3 Stlth+} (You bought it in a shop on level 2 of the
                  | Orcish Mines)
 26628 | Orc:2    | Found Doocusch's Jewellery Shop.
 26936 | Orc:1    | Found a runed translucent gate.
 26936 | Orc:1    | Found a runed translucent gate.
 26936 | Orc:1    | Found a runed translucent gate.
 26962 | Orc:1    | Found a radiant altar of Vehumet.
 27117 | Orc:1    | Noticed olddryhag's ghost (journeyman DsGl)
 27145 | Orc:1    | Identified the +1 ice dragon scales of Fun and Games {rF-
                  | rC++ Dex+2}
 27145 | Orc:1    | Identified the staff "Oqiov" {*Slow rElec Int+3 Dex+2 Air}
 27146 | Orc:1    | Found an iron altar of Okawaru.
 27168 | Orc:1    | Killed olddryhag's ghost
 27528 | Spider:1 | Entered Level 1 of the Spider Nest
 27591 | Spider:1 | Noticed an emperor scorpion
 27649 | Spider:1 | Reached XP level 16. HP: 57/97 MP: 3/36
 27842 | Spider:1 | Reached ****** piety under Vehumet
 27843 | Spider:1 | Reached skill level 1 in Shields
 28110 | Spider:1 | Offered knowledge of Fireball by Vehumet.
 28227 | Spider:1 | Found a runed translucent door.
 28669 | Spider:1 | Identified the +0 robe "Zioh" {rN+ Dex+2}
 28835 | Spider:1 | Reached skill level 10 in Fire Magic
 28918 | Spider:1 | Gained mutation: You have a beak for a mouth. [hidden
                  | potential]
 28918 | Spider:1 | Lost mutation: You have hidden genetic potential. [hidden
                  | potential expressed]
 28990 | Spider:2 | Reached skill level 10 in Dodging
 29143 | Spider:2 | Reached skill level 15 in Spellcasting
 29935 | Spider:3 | Offered knowledge of Lehudib's Crystal Spear by Vehumet.
 30426 | Spider:3 | Reached XP level 17. HP: 63/104 MP: 14/38
 30818 | Spider:4 | Entered Level 4 of the Spider Nest
 30881 | Spider:4 | Learned a level 8 spell: Lehudib's Crystal Spear
 30932 | Spider:4 | Offered knowledge of Fire Storm by Vehumet.
 30932 | Spider:4 | Offered knowledge of Shatter by Vehumet.
 30932 | Spider:4 | Offered knowledge of Chain Lightning by Vehumet.
 30937 | Spider:4 | HP: 4/104 [something (12)]
 30937 | Spider:4 | Slain by a ghost moth

Illustrated notes

Levels and vault maps discovered:
D:1:      spicycebolla_green_bress_n_ham, layout_basic,
          wander_ebering_terrifying_dragon_lair
D:2:      layout_basic, serial_shops, nicolae_shop_tiny_waterfront,
          kennysheep_generic_room_10, uniq_robin, uniq_jessica, uniq_sigmund
D:3:      layout_basic
D:4:      layout_cave_pools
D:5:      layout_loops_ring, mainiacjoe_overflow_small_starburst, serial_shops,
          nicolae_shop_back_alley_shop, shop, nicolae_shop_rolled_up,
          nicolae_inconvenience_store, kennysheep_little_box, minmay_hedge_maze,
          roderic_lattice_a
D:6:      layout_cave_pools, serial_undead, serial_undead_c, serial_undead_a,
          serial_undead_a, serial_undead_e, serial_undead_c, serial_undead_d,
          serial_undead_f
D:7:      layout_loops_ring, old_standard_altar,
          mainiacjoe_overflow_concentric_impassable,
          minmay_temple_entry_sparse_star, st_stairs_2,
          hangedman_abyss_or_decor_stabs
D:8:      layout_loops_corners, wad_woods_river_04, hangedman_decor_points
D:9:      layout_roguey, serial_shops, shop
D:10:     layout_roguey [special_room_kobold], zin_scriptorium, orc_0_dummy,
          minmay_mirror_moons_of_madness
D:11:     layout_stronghold, dpeg_lair_monsters, serial_shops, shop
D:12:     minmay_goldmine, layout_loops_cross, okawaru_metal_pillars_3
D:13:     layout_basic, grunt_vaults_entry_tiered, nicolae_uskayaw_dance_hall
D:14:     kennysheep_large_spiral, layout_loops_ring, hex_medium,
          kennysheep_just_a_vault, uniq_lodul
D:15:     grunt_enter_depths_snipers, layout_cave_pools,
          gammafunk_ghost_tricky_traps
Temple:   eino_narrow_crystal_temple
Lair:1:   layout_cave_pods, serial_bayou_shore_a, uniq_fannar
Lair:2:   layout_roguey, nicolae_swamp_entry_splash_gauntlet,
          nicolae_spider_entry_non_spiders, gammafunk_ghost_abyssal_escape
Lair:3:   layout_concentric_octagons, serial_bayou, serial_bayou_pond_d,
          serial_bayou_ford_a, serial_bayou_lagoon_a, serial_bayou_shore_b,
          infiniplex_staircase_pool_2
Lair:4:   layout_loops_ring, lemuel_fruit_tree
Lair:5:   hangedman_lair_in_review, layout_long_grid, dpeg_slime_entry_enclosed
Spider:1: cheibrodos_spider_deadly_dance, hellmonk_motheaten_closet
Spider:2: layout_spider_delve, nicolae_spider_circle_web
Spider:3: layout_spider_delve, drop_trap, beargit_elvish_explorers
Spider:4: grunt_spider_rune_island
Orc:1:    layout_caves, gammafunk_ghost_fury_of_okawaru, basic_altar
Orc:2:    hellmonk_orc_salted, layout_diamond_mine, serial_shops,
          nicolae_shop_tiny_statue_garden, uniq_snorg, uniq_maurice

Skill      XL: |  1  2  3  4  5  6  7  8  9 10 11 12 13 14 15 16 17 |
---------------+----------------------------------------------------+-----
Stealth        | 3 4 5 6 |  6.0
Transmutations | 2 3 4 5 6 7 8 9 10 11 | 11.7
Dodging        | 3 4 5 6 7 8 9 10 | 10.4
Fighting       | 1 2 3 4 5 6 |  6.9
Spellcasting   | 4 5 6 7 9 10 11 12 13 14 15 | 15.7
Earth Magic    | 4 5 6 7 8 9 10 11 12 13 | 13.6
Armour         | 1 2 3 4 5 6 7 |  7.0
Conjurations   | 1 2 4 5 6 7 8 9 10 11 12 | 12.9
Hexes          | 1 2 4 6 9 |  9.4
Fire Magic     | 1 2 3 5 6 7 8 9 10 | 10.4
Translocations | 1 2 3 5 6 |  6.0
Poison Magic   | 1 3 5 7 8 |  8.0
Air Magic      | 3 4 5 6 |  6.0
Shields        | 3 4 |  4.2

Action                     |  1- 3 |  4- 6 |  7- 9 | 10-12 | 13-15 | 16-18 || total
---------------------------+-------+-------+-------+-------+-------+-------++-------
  Melee: Staff             |       |       |       |       |     6 |     5 ||    11
   Fire: Sling             |       |       |    48 |    60 |       |       ||   108
  Throw: Javelin           |       |       |       |       |       |     1 ||     1
   Cast: Sandblast         |    58 |    78 |   169 |    92 |    12 |     5 ||   414
         Foxfire           |       |       |     9 |       |     6 |       ||    15
         Stone Arrow       |       |       |     7 |   110 |   122 |     5 ||   244
         Tukima's Dance    |       |       |     4 |    10 |     3 |       ||    17
         Brom's Barrelling |       |       |     4 |     9 |     1 |       ||    14
         Petrify           |       |       |     2 |     1 |       |       ||     3
         Poisonous Vapours |       |       |       |    35 |   167 |   106 ||   308
         Blink             |       |       |       |     1 |    10 |     4 ||    15
         Ignite Poison     |       |       |       |    17 |   131 |    79 ||   227
         Olgreb's Toxic Ra |       |       |       |    15 |    84 |    44 ||   143
         Fulminant Prism   |       |       |       |       |    31 |     2 ||    33
         Lee's Rapid Decon |       |       |       |       |   103 |    46 ||   149
         Mephitic Cloud    |       |       |       |       |     4 |       ||     4
         Leda's Unmaking   |       |       |       |       |    40 |    38 ||    78
         Yara's Violent Un |       |       |       |       |     1 |       ||     1
  Evoke: Wand              |       |       |       |     5 |     2 |     9 ||    16
    Use: Scroll            |       |     2 |       |    18 |    17 |     5 ||    42
         Potion            |       |       |       |     2 |    16 |     8 ||    26
   Stab: Paralysed         |       |       |       |       |       |     5 ||     5
 Armour: Robe              |     4 |       |    13 |    63 |    98 |    83 ||   261
         Ring mail         |     1 |    39 |    24 |       |       |       ||    64
  Dodge: Dodged            |    18 |    38 |    88 |    93 |   137 |   153 ||   527

Table legend: (Time is in decaauts)
 A = Elapsed time spent in this place.
 B = Non-inter-level travel time spent in this place.
 C = Inter-level travel time spent in this place.
 D = Time resting spent in this place.
 E = Time spent auto-exploring this place.
 F = Levels seen in this place.
 G = Mean time per level.
                   A        B        C        D        E       F      G
               +--------+--------+--------+--------+--------+-----+--------+
         Total |  31226 |  29022 |   2204 |    868 |  23765 |  27 | 1156.5 |
       Dungeon |  19950 |  18288 |   1662 |    600 |  14977 |  15 | 1330.0 |
        Temple |     16 |      2 |     14 |      0 |      0 |   1 |   16.0 |
          Lair |   5780 |   5397 |    383 |    199 |   4532 |   5 | 1156.0 |
   Spider Nest |   3425 |   3356 |     69 |     69 |   2662 |   4 |  856.2 |
  Orcish Mines |   2053 |   1978 |     75 |      0 |   1594 |   2 | 1026.5 |
               +--------+--------+--------+--------+--------+-----+--------+

Top non-repeatable levels by time:
     D:5: 1923 daAuts
    D:14: 1921 daAuts
    D:11: 1760 daAuts
     D:9: 1520 daAuts
    D:10: 1499 daAuts
  Lair:1: 1474 daAuts
Spider:1: 1432 daAuts
    D:12: 1412 daAuts
  Lair:2: 1384 daAuts
    D:15: 1331 daAuts
     D:7: 1326 daAuts
    D:13: 1263 daAuts
     D:2: 1257 daAuts
     D:8: 1216 daAuts
   Orc:2: 1205 daAuts
